 Dungeon Crawl Stone Soup version 0.31-a0-626-g8143ab4f1d (webtiles) character file.

Game seed: 18160395987654262135

623 thirtiethelement the Shooter (level 7, -4/51 HPs)
             Began as a Demonspawn Shapeshifter on Aug 24, 2023.
             Slain by Grinder (5 damage)
             ... on level 4 of the Dungeon.
             The game lasted 00:10:07 (2838 turns).

thirtiethelement the Shooter (DsSh)                 Turns: 2838, Time: 00:10:09

Health: -4/51      AC:  8    Str: 15    XL:     7   Next: 22%
Magic:  7/7        EV: 11    Int:  9    God:
Gold:   246        SH:  0    Dex: 19    Spells: 5/6 levels left

rFire   . . .        b - +0 short sword (venom)
rCold   . . .        (no shield)
rNeg    . . .        i - +0 ring mail of Prudence {Dex+3}
rPois   .            (helmet currently unavailable)
rElec   .            (cloak currently unavailable)
rCorr   .            (gloves currently unavailable)
SInv    .            (boots currently unavailable)
Will    .....        t - amulet of magic regeneration
Stlth   +            (no ring)
HPRegen 0.28/turn    (no ring)
MPRegen 0.50/turn

%: no passive effects
@: beast-form, invisible
A: beast (slay +1), claws 1, thin metallic scales 2, demonic magic 1
a: Begin Untransformation


You were on level 4 of the Dungeon.
You were a hulking beast.
You visited 1 branch of the dungeon, and saw 4 of its levels.

You collected 246 gold pieces.

Inventory:

Hand Weapons
 a - a +0 sling
 b - a +0 short sword of venom (weapon)
 j - a +0 whip
Missiles
 f - 7 boomerangs (quivered)
 h - 5 atropa-tipped darts
Armour
 i - the +0 ring mail of Prudence (worn) {Dex+3}
   (You found it on level 2 of the Dungeon)

   Dex+3:     It affects your dexterity (+3).
Jewellery
 t - an amulet of magic regeneration (around neck)
Talismans
 c - a beast talisman (active)
 d - a flux talisman
Wands
 w - a wand of acid (8)
Scrolls
 g - 3 scrolls of identify {unknown}
 l - a scroll of blinking {unknown}
 p - a scroll of teleportation {unknown}
 q - a scroll of fear {unknown}
 u - a scroll of amnesia {unknown}
 v - a scroll of brand weapon {unknown}
 x - a scroll of fog {unknown}
Potions
 e - 2 potions of lignification
 k - a potion of invisibility
 m - a potion of mutation {unknown}
 n - a potion of enlightenment {unknown}
 o - a potion of curing {unknown}
 r - a potion of degeneration {unknown}
 s - a potion of heal wounds {unknown}


   Skills:
 + Level 2.4 Fighting
 + Level 2.0 Short Blades
 - Level 0.8 Maces & Flails
 + Level 4.2 Ranged Weapons
 + Level 2.3 Armour
 + Level 2.3 Dodging
 + Level 0.3 Stealth
 + Level 3.4 Unarmed Combat
 + Level 3.2 Shapeshifting


You had 5 spell levels left.
You knew the following spells:

 Your Spells              Type           Power      Damage    Failure   Level
a - Necrotise             Necr           0%         1d4       61%         1

Your spell library contained the following spells:

 Spells                   Type           Power      Damage    Failure   Level
 Apportation              Tloc           0%         N/A       61%         1
 Summon Small Mammal      Summ           0%         N/A       61%         1
 Hailstorm                Conj/Ice       0%         3d3       93%         3
 Inner Flame              Hex/Fire       0%         N/A       93%         3
 Summon Ice Beast         Ice/Summ       0%         N/A       100%        4
 Yara's Violent Unravell  Hex/Tmut       0%         3d3       100%        5
 Simulacrum               Ice/Necr       0%         N/A       100%        6
 Enfeeble                 Hex            0%         N/A       100%        7


Dungeon Overview and Level Annotations

Branches:
Dungeon (4/15)             Temple (0/1) D:4

Altars:
Dithmenos
Kikubaaqudgha
Wu Jian

Shops:
D:2 :

Annotations:
D:4 Grinder


Innate Abilities, Weirdness & Mutations

You are a hulking beast.
Your limbs bulge with bestial killing power. (Slay +1)
You have sharp fingernails.
You are mostly covered in thin metallic scales. (AC +3)
Spells you cast may paralyse adjacent enemies.


Message History

You hit Grinder.
Grinder is heavily wounded.
Grinder gestures at you.
You suddenly lose the ability to move!
Grinder barely misses you. x2
Grinder gestures at you.
You shrug off the repeated paralysis!
Grinder grins, showing sharp teeth.
Grinder gestures at you. Pain shoots through your body!
Grinder gestures at you. You resist with significant effort.
You can move again.
Casting: Necrotise (safe; 61% risk of failure)
Confirm with . or Enter, or press ? or * to list all spells.
You don't know that spell.
Casting: Necrotise (safe; 61% risk of failure)
Confirm with . or Enter, or press ? or * to list all spells.
You can't see any susceptible monsters within range! (Use Z to cast anyway.)
You hit Grinder.
Grinder is heavily wounded.
Grinder gestures at you. Pain shoots through your body!
* * * LOW HITPOINT WARNING * * *
You hit Grinder.
Grinder is heavily wounded.
Grinder hits you but does no damage.
It was a potion of invisibility.
You fade into invisibility!
Grinder gestures at you.
You shrug off the repeated paralysis!
You closely miss Grinder.
Grinder is heavily wounded.
You hit Grinder.
Grinder is severely wounded.
Grinder hits you!
* * * LOW HITPOINT WARNING * * *
You writhe in agony.
You die...
Grinder says, "Now the real fun starts!"

........##..# #.######## ##≈≈###
............###.##8...8###≈≈≈≈≈##
..##........##..##.....##...≈≈..#
..##........##5###..>..'...§§....
..##...........# #.....##§≈§.....
..###.).)....### #8...8###§§##...
..###)##)...############ #######.
.............##.################.
..###.#.)....)>5h........#.......
..# #.#..###.....................
..# #....###...........####...###
..###..#.....................##
.......#..##...........####^##
.....................#.# #.# .
.###.#...#.........#.# ##.# ..
#.#...#.........#.# #..# #
####.....####...####.# #.##


You could see Grinder (unable to see you, poisoned).

Vanquished Creatures
  Sigmund (D:2)
  Menkaure (D:4)
  A black bear (D:4)
  An ogre (D:4)
  An orc wizard (D:3)
  3 adders
  A shadow imp (D:3)
  2 worms (D:3)
  5 dart slugs
  7 orcs
  4 endoplasms
  5 giant cockroaches
  12 goblins
  6 hobgoblins
  9 jackals
  7 kobolds
  7 ball pythons
  9 bats
  2 frilled lizards
  3 rats
87 creatures vanquished.

Notes
Turn   | Place    | Note
-------+----------+-------------------------------------------
     0 | D:1      | thirtiethelement the Demonspawn Shapeshifter began the
                  | quest for the Orb.
     0 | D:1      | Reached XP level 1. HP: 15/15 MP: 1/1
    21 | D:1      | Gained mutation: You are partially covered in thin metallic
                  | scales. (AC +2) [demonic ancestry]
    21 | D:1      | Reached XP level 2. HP: 8/21 MP: 2/2
   227 | D:1      | You fall into a shaft and drop 1 floor!
   337 | D:2      | Identified the +0 ring mail of Prudence {Dex+3}
   424 | D:2      | Gained mutation: You have sharp fingernails. [demonic
                  | ancestry]
   424 | D:2      | Reached XP level 3. HP: 26/26 MP: 3/3
   459 | D:2      | Found Rulietoi's Vocational Training.
   459 | D:2      | Noticed Sigmund
   729 | D:1      | Reached skill level 1 in Ranged Weapons
   906 | D:2      | Killed Sigmund
   907 | D:2      | Reached skill level 3 in Ranged Weapons
   907 | D:2      | Reached XP level 4. HP: 33/33 MP: 4/4
   907 | D:2      | Reached XP level 5. HP: 38/38 MP: 5/5
  1088 | D:3      | Reached skill level 1 in Armour
  1291 | D:3      | Reached skill level 1 in Short Blades
  1291 | D:3      | Gained mutation: You are mostly covered in thin metallic
                  | scales. (AC +3) [demonic ancestry]
  1291 | D:3      | Reached XP level 6. HP: 25/44 MP: 6/6
  1412 | D:3      | Found a shadowy altar of Dithmenos.
  1413 | D:3      | Found an ancient bone altar of Kikubaaqudgha.
  1414 | D:3      | Found an ornate altar of the Wu Jian Council.
  2283 | D:4      | Reached skill level 4 in Ranged Weapons
  2445 | D:4      | Noticed Menkaure
  2456 | D:4      | Killed Menkaure
  2457 | D:4      | Gained mutation: Spells you cast may paralyse adjacent
                  | enemies. [demonic ancestry]
  2457 | D:4      | Reached XP level 7. HP: 28/51 MP: 7/7
  2546 | D:4      | Learned a level 1 spell: Necrotise
  2712 | D:4      | Found a staircase to the Ecumenical Temple.
  2802 | D:4      | Noticed Grinder
  2813 | D:4      | Paralysed by Grinder for 2 turns
  2828 | D:4      | Paralysed by Grinder for 5 turns
  2838 | D:4      | HP: 1/51 [Grinder (7)]
  2838 | D:4      | Slain by Grinder

Illustrated notes

Levels and vault maps discovered:
D:1:      minmay_arrival_glassed_features, layout_rooms, minmay_three_crescents
D:2:      layout_rooms, nicolae_shop_vocational, uniq_sigmund
D:3:      layout_basic, mainiacjoe_overflow_alcove_3, serial_park_tiny_pond,
          roderic_nine_men_s_morris
D:4:      layout_rooms, mainiacjoe_overflow_surrounded_room,
          minmay_temple_entry_fiery, minmay_misc_feat_rugged,
          kennysheep_small_square, uniq_grinder, uniq_menkaure

Skill      XL: |  1  2  3  4  5  6 |
---------------+-------------------+-----
Unarmed Combat | 3 |  3.4
Dodging        | 2 |  2.3
Ranged Weapons | 3 4 |  4.2
Shapeshifting  | 3 |  3.2
Armour         | 1 2 |  2.3
Short Blades   | 1 2 |  2.0
Fighting       | 2 |  2.4
Maces & Flails | |  0.8
Stealth        | |  0.3

Action                     |  1- 3 |  4- 6 |  7- 9 || total
---------------------------+-------+-------+-------++-------
  Melee: Unarmed           |    24 |       |       ||    24
         Punch             |     3 |     3 |       ||     6
         Whip              |    40 |       |       ||    40
         Short sword       |    13 |    58 |    15 ||    86
   Fire: Sling             |    38 |    60 |    10 ||   108
    Use: Potion            |       |       |     1 ||     1
 Armour: Animal skin       |    14 |       |       ||    14
         Ring mail         |    12 |    41 |     5 ||    58
  Dodge: Dodged            |    71 |    41 |     4 ||   116
         Form:             |       |     1 |       ||     1
         Beast             |       |     1 |       ||     1

Table legend: (Time is in decaauts)
 A = Elapsed time spent in this place.
 B = Non-inter-level travel time spent in this place.
 C = Inter-level travel time spent in this place.
 D = Time resting spent in this place.
 E = Time spent auto-exploring this place.
 F = Levels seen in this place.
 G = Mean time per level.
                   A        B        C        D        E       F      G
               +--------+--------+--------+--------+--------+-----+--------+
         Total |   2865 |   2817 |     48 |    392 |   1674 |   4 |  716.2 |
       Dungeon |   2865 |   2817 |     48 |    392 |   1674 |   4 |  716.2 |
               +--------+--------+--------+--------+--------+-----+--------+

Top non-repeatable levels by time:
     D:3: 1097 daAuts
     D:4: 733 daAuts
     D:1: 639 daAuts
     D:2: 394 daAuts
